 Dungeon Crawl Stone Soup version 0.28-a0-381-g937acc2988 (webtiles) character file.

Game seed: 11709704365265092153

6 Demosthentine the Poker (level 1, 0/17 HPs)
             Began as a Merfolk Gladiator on Sept 2, 2021.
             Slain by a goblin (4 damage)
             ... on level 1 of the Dungeon.
             The game lasted 00:00:15 (222 turns).

Demosthentine the Poker (Merfolk Gladiator)          Turns: 222, Time: 00:00:16

Health: 0/17       AC:  4    Str: 14    XL:     1   Next: 90%
Magic:  1/1        EV: 13    Int:  7    God:
Gold:   23         SH:  0    Dex: 15    Spells: 0/0 levels left

rFire   . . .      SeeInvis .   a - +0 trident
rCold   . . .      Faith    .   (no shield)
rNeg    . . .      Spirit   .   b - +0 leather armour
rPois   .          Reflect  .   c - +0 helmet
rElec   .          Harm     .   (no cloak)
rCorr   .          Rampage  .   (no gloves)
Will    .....                   (no boots)
Stlth   +.........              (no amulet)
HPRegen 0.05/turn               (no ring)
MPRegen 0.07/turn               (no ring)

@: no status effects
A: (nimble swimmer 2), mertail
a: no special abilities


You were on level 1 of the Dungeon.
You visited 1 branch of the dungeon, and saw 1 of its levels.

You collected 23 gold pieces.

Inventory:

Hand Weapons
 a - a +0 trident (weapon)
Missiles
 d - 3 throwing nets (quivered)
Armour
 b - a +0 leather armour (worn)
 c - a +0 helmet (worn)


   Skills:
 + Level 2.3 Fighting
 + Level 4.5 Polearms
 - Level 2.0 Throwing
 + Level 0.2 Armour
 + Level 4.1 Dodging


You couldn't memorise any spells.
You didn't know any spells.
Your spell library was empty.

Dungeon Overview and Level Annotations

Branches:
Dungeon (1/15)

Altars:


Innate Abilities, Weirdness & Mutations

((You are quick and stealthy near water. (Stealth+, EV+, Speed+++)))
Your lower body shifts to a powerful aquatic tail in water.


Message History

You see here a +0 pair of boots.
The kobold misses you. The kobold closely misses you.
You closely miss the kobold. The kobold hits you with a +0 dagger.
The kobold closely misses you.
You closely miss the kobold. The kobold hits you with a +0 dagger.
The kobold closely misses you.
You are too injured to fight recklessly!
You are too injured to fight recklessly!
You are too injured to fight recklessly!
You are too injured to fight recklessly!
You are too injured to fight recklessly!
The kobold barely misses you.
You see here a +0 pair of boots.
The kobold hits you but does no damage.
A goblin comes into view. It is wielding a +0 club.
You barely miss the kobold.
The goblin shouts!
The kobold hits you but does no damage.
You completely miss the kobold. The kobold barely misses you.
You completely miss the kobold. The kobold closely misses you.
You puncture the kobold!
You kill the kobold!
You puncture the kobold!
You kill the kobold!
Things that are here:
a +0 short sword; a +0 dagger
Things that are here:
a +0 short sword; a +0 dagger The goblin closely misses you.
You hit the goblin.
The goblin is heavily wounded.
The goblin hits you with a +0 club.
You hit the goblin but do no damage.
The goblin is heavily wounded.
The goblin hits you with a +0 club.
* * * LOW HITPOINT WARNING * * *
You miss the goblin.
The goblin is heavily wounded.
The goblin hits you with a +0 club.
You die...

#..........#
#..........# ####
#..........###...#
#..............#.#
#..........#.....
#..........#.#†#.#
#................#
#g########.#.#.#.#
#@# #.........# #)#
###.#.#.#.#..
#.####............
#......#.##....#..
####.......#........
#....#.#.#.(...#.#..
#.##...[............
# #.#.#.#...#.#.#..
#...................


You could see a goblin.

Vanquished Creatures
  An endoplasm (D:1)
  A hobgoblin (D:1)
  A bat (D:1)
  2 kobolds (D:1)
  A rat (D:1)
6 creatures vanquished.

Notes
Turn   | Place    | Note
-------+----------+-------------------------------------------
     0 | D:1      | Demosthentine the Merfolk Gladiator began the quest for the
                  | Orb.
     0 | D:1      | Reached XP level 1. HP: 16/16 MP: 1/1
   222 | D:1      | Slain by a goblin

Illustrated notes

Levels and vault maps discovered:
D:1:      tarquinn_simple_flora_water_e, layout_rooms,
          shapermc_ecumenical_altar_venn, kennysheep_small_spiral,
          solitary_fountain, chequers_serial_rivers_micro_e,
          hangedman_decor_riveting

Action                   || total
-------------------------++-------
Melee: Trident           ||    21
Armor: Leather armour    ||     4
Dodge: Dodged            ||    17

Table legend: (Time is in decaauts)
 A = Elapsed time spent in this place.
 B = Non-inter-level travel time spent in this place.
 C = Inter-level travel time spent in this place.
 D = Time resting spent in this place.
 E = Time spent auto-exploring this place.
 F = Levels seen in this place.
 G = Mean time per level.
                   A        B        C        D        E       F      G
               +--------+--------+--------+--------+--------+-----+--------+
         Total |    222 |    222 |      0 |      0 |    171 |   1 |  222.0 |
       Dungeon |    222 |    222 |      0 |      0 |    171 |   1 |  222.0 |
               +--------+--------+--------+--------+--------+-----+--------+

Top non-repeatable levels by time:
     D:1: 222 daAuts
